 Dungeon Crawl Stone Soup version 0.29.1-4-g47bece8355 (webtiles) character file.

Game seed: 5732307716846124553

2248 Destapler the Trooper (level 9, -34/76 (79) HPs)
             Began as a Minotaur Fighter on Dec 11, 2022.
             Was an Elder of Uskayaw.
             Killed by an exploding wight (47 damage)
             ... ignited by their inner flame
             ... on level 8 of the Dungeon.
             The game lasted 00:18:18 (6932 turns).

Destapler the Trooper (Minotaur Fighter)            Turns: 6932, Time: 00:18:19

HP:   -34/76 (79)   AC: 10    Str: 27    XL:     9   Next: 15%
MP:   2/10          EV: 12    Int:  7    God:    Uskayaw [****..]
Gold: 225           SH:  6    Dex: 12    Spells: 8/8 levels left

rFire   . . .      SeeInvis .   a - +0 war axe
rCold   . . .      Faith    .   c - +1 buckler
rNeg    . . .      Spirit   .   u - +2 ring mail {rPois}
rPois   +          Reflect  .   (helmet restricted)
rElec   .          Harm     .   C - +1 cloak {Stlth+}
rCorr   .          Rampage  .   (no gloves)
Will    .....                   (no boots)
Stlth   ++........              (no amulet)
HPRegen 0.22/turn               g - +6 ring of strength
MPRegen 0.12/turn               (no ring)

@: mighty, lightly drained
A: horns 2, retaliatory headbutt
a: Renounce Religion, Stomp, Line Pass


You were on level 8 of the Dungeon.
You worshipped Uskayaw.
Uskayaw was noncommittal.
You visited 2 branches of the dungeon, and saw 9 of its levels.
You also visited: Sewer.

You collected 225 gold pieces.

Inventory:

Hand Weapons
 a - a +0 war axe (weapon)
Missiles
 e - 50 stones
 y - 2 javelins
 z - 7 poisoned darts (quivered)
Armour
 b - a +0 scale mail
 c - a +1 buckler (worn)
 p - a +3 leather armour of cold resistance
 t - a +0 cloak
 u - a +2 ring mail of poison resistance (worn)
 C - a +1 cloak of stealth (worn)
Jewellery
 g - a +6 ring of strength (left hand)
 w - a ring of ice
Scrolls
 i - a scroll of fear {unknown}
 l - 4 scrolls of teleportation
 m - 2 scrolls of identify {unknown}
 n - a scroll of vulnerability {unknown}
 o - a scroll of brand weapon {unknown}
 s - 2 scrolls of magic mapping
 v - a scroll of enchant armour
 B - a scroll of immolation
Potions
 d - a potion of might
 f - 6 potions of curing {unknown}
 h - 3 potions of attraction {unknown}
 j - a potion of resistance {unknown}
 k - 2 potions of brilliance {unknown}
 q - 2 potions of lignification {unknown}
 r - 3 potions of heal wounds {unknown}
 x - 2 potions of haste {unknown}
 A - a potion of ambrosia {unknown}
 D - a potion of invisibility {unknown}


   Skills:
 + Level 7.0 Fighting
 + Level 6.8 Axes
 + Level 3.9 Throwing
 + Level 5.0 Armour
 + Level 4.0 Dodging
 + Level 3.1 Stealth
 + Level 5.0 Shields
 + Level 3.9 Invocations
 + Level 3.0 Evocations


You had 8 spell levels left.
You didn't know any spells.
Your spell library contained the following spells:

 Spells                   Type           Power      Damage    Failure   Level
 Magic Dart               Conj           0%         1d3       65%         1
 Searing Ray              Conj           0%         2d4       78%         2
 Stone Arrow              Conj/Erth      0%         3d7       95%         3
 Animate Armour           Summ/Erth      0%         N/A       100%        4
 Fulminant Prism          Conj/Hex       0%         3d6       100%        4
 Hailstorm                Conj/Ice       0%         3d3       100%        4
 Ice Form                 Ice/Tmut       0%         N/A       100%        4
 Simulacrum               Ice/Necr       0%         N/A       100%        6
 Lehudib's Crystal Spear  Conj/Erth      0%         10d2      100%        8


Dungeon Overview and Level Annotations

Branches:
Dungeon (8/15)             Temple (1/1) D:4           Sewer (visited)
   Lair: D:8-11

Altars:
Ashenzari
Cheibriados
Elyvilon
Fedhas
Gozag
Hepliaklqana
Kikubaaqudgha
Makhleb
Nemelex Xobeh
Okawaru
Qazlal
Sif Muna
Uskayaw
Vehumet
Wu Jian
Xom
Yredelemnul
Zin

Shops:
D:2 (   D:3 *


Innate Abilities, Weirdness & Mutations

You have a pair of horns on your head.
You reflexively headbutt those who attack you in melee.


Message History

Uskayaw will force your foes to helplessly watch your dance.
Unknown command.
Aiming: Line Pass
Press: ? - help, Dir - move target The wight appears confused.
The wight seems less confused.
You block the wight's attack. The wight misses you.
You block the jelly's attack.
Okay, then.
You slash the jelly!
You kill the jelly!
You hit the wight. You completely miss the wight. The wight closely misses you.
Uskayaw will force your foes to helplessly watch your dance.
Unknown command.
You catch the helpless wight completely off-guard!
You slash the wight!
You destroy the wight!
You hit something. You slash the wight!
The wight hits you with a +5 battleaxe of freezing.
You feel drained. The wight freezes you.
Something hits you but does no damage. x2
The wight hits you with a +5 battleaxe of freezing!
* * * LOW HITPOINT WARNING * * *
You feel drained.
* * * LOW HITPOINT WARNING * * *
The wight freezes you.
* * * LOW HITPOINT WARNING * * *
Uskayaw will force your foes to share their pain.
Uskayaw links your audience in an emotional bond!
Your Armour skill increases to level 5!
Your Evocations skill increases to level 3!
Okay, then.
Okay, then.
As you read the scroll labelled RUFEIDU EVVINT, it crumbles to dust.
The creatures around you are filled with an inner flame!
It was a scroll of immolation.
Something hits you but does no damage. The wight closely misses you.
You furiously retaliate!
You headbutt the wight!!
Flame seeps out of something.
The wight explodes!
The fiery explosion engulfs you!!!
Ouch! That really hurt!
You die...

...............
#.............. #
.............. ###
.?.........## ..####
#...........##. .....#
#.##..#..#..... .....#
#..........# .....#
#....@§§..#
.....#######...{)§§..#
................§§§.....
###....###........#######
#...............###
....##.#.##...###
##..z....##.###
#..####.##..# #.#
#.....##


There were no monsters in sight!

Vanquished Creatures
  A hornet (D:6)
  Sigmund (D:6)
  Eustachio (D:5)
  Menkaure (D:5)
  A water moccasin (D:7)
  3 ogres
  A centaur (D:5)
  A kobold brigand (Sewer)
  Blork the orc (D:5)
  4 scorpions
  A necrophage (D:6)
  2 wights (D:8)
  A howler monkey (D:6)
  A quasit (D:4)
  Crazy Yiuf (D:5)
  A jelly (D:8)
  6 orc priests
  2 orc wizards
  2 iguanas (D:5)
  A statue (D:5)
  A gnoll (D:1)
  9 adders
  2 river rats
  6 white imps
  3 ufetubi
  3 worms
  A dart slug (D:1)
  10 orcs
  10 ball pythons
  12 endoplasms
  3 giant cockroaches (D:6)
  5 goblins
  6 hobgoblins
  7 jackals
  2 quokkas
  6 bats (D:1)
  3 frilled lizards
  14 kobolds
  12 rats
148 creatures vanquished.

Vanquished Creatures (others)
  2 demonic plants (D:4)
2 creatures vanquished.

Grand Total: 150 creatures vanquished

Notes
Turn   | Place    | Note
-------+----------+-------------------------------------------
     0 | D:1      | Destapler the Minotaur Fighter began the quest for the Orb.
     0 | D:1      | Reached XP level 1. HP: 19/19 MP: 0/0
    79 | D:1      | Reached XP level 2. HP: 26/27 MP: 1/1
   148 | D:1      | Found a faded altar of an unknown god.
   444 | D:1      | Reached XP level 3. HP: 32/33 MP: 2/2
  1131 | D:2      | Reached skill level 1 in Throwing
  1131 | D:2      | Reached skill level 1 in Dodging
  1297 | D:2      | Reached skill level 1 in Stealth
  1402 | D:2      | Found Cyra's Antique Weapon Shoppe.
  1549 | D:2      | Reached skill level 1 in Evocations
  1833 | D:2      | Reached skill level 4 in Fighting
  1833 | D:2      | Reached XP level 4. HP: 38/40 MP: 3/3
  1943 | D:3      | Found an iron altar of Okawaru.
  2491 | D:3      | Found a shimmering blue altar of Sif Muna.
  2756 | D:3      | Found Hoovvage's General Store.
  2910 | D:4      | Noticed a scorpion
  2920 | D:4      | Killed a scorpion
  2921 | D:4      | Reached XP level 5. HP: 30/46 MP: 4/4
  3198 | D:4      | Noticed an ogre
  3207 | D:4      | Killed an ogre
  3292 | D:4      | Reached XP level 6. HP: 36/52 MP: 5/5
  3635 | D:4      | Found a glowing silver altar of Zin.
  3635 | D:4      | Noticed an angel
  3737 | D:4      | Found a staircase to the Ecumenical Temple.
  4192 | Temple   | Entered the Ecumenical Temple
  4409 | Temple   | Became a worshipper of Uskayaw the Reveller
  4449 | D:5      | Entered Level 5 of the Dungeon
  4453 | D:4      | Reached * piety under Uskayaw
  4455 | D:4      | Reached ** piety under Uskayaw
  4660 | D:5      | Noticed Eustachio
  4715 | D:5      | Reached *** piety under Uskayaw
  4717 | D:5      | Killed Eustachio
  4717 | D:5      | Reached **** piety under Uskayaw
  4718 | D:5      | Reached skill level 1 in Invocations
  4718 | D:5      | Reached XP level 7. HP: 55/60 MP: 5/7
  4753 | D:5      | Reached skill level 5 in Fighting
  4757 | D:5      | Reached skill level 5 in Axes
  5260 | D:5      | Noticed Menkaure
  5264 | D:5      | Killed Menkaure
  5265 | D:5      | Reached skill level 6 in Fighting
  5265 | D:5      | Reached XP level 8. HP: 57/70 MP: 9/9
  5353 | D:5      | Found a radiant altar of Vehumet.
  5420 | D:5      | Noticed Blork the orc
  5434 | D:5      | Killed Blork the orc
  5682 | D:5      | Found a runed translucent door.
  5683 | D:5      | Noticed Crazy Yiuf
  5692 | D:5      | Killed Crazy Yiuf
  5991 | D:6      | Noticed Sigmund
  6002 | D:6      | Killed Sigmund
  6125 | D:6      | Found a glowing drain.
  6129 | Sewer    | Entered a sewer
  6802 | D:6      | Noticed a hornet
  6812 | D:6      | Killed a hornet
  6887 | D:6      | Reached XP level 9. HP: 78/78 MP: 10/10
  6892 | D:6      | You fall into a shaft and drop 2 floors!
  6892 | D:8      | Found a broken altar of Ashenzari.
  6924 | D:7      | Reached skill level 7 in Fighting
  6924 | D:7      | Reached skill level 5 in Shields
  6932 | D:8      | Reached skill level 5 in Armour
  6932 | D:8      | Killed by an exploding wight... ignited by their inner
                  | flame

Illustrated notes

Levels and vault maps discovered:
D:1:      dpeg_arrival_leaves_temple_mockup, layout_basic,
          shapermc_ecumenical_altar_pompeii, nicolae_hexahallways,
          serial_park_tiny_1, nrook_mini_vaults
D:2:      layout_basic, serial_shops, shop
D:3:      layout_loops_ring, mainiacjoe_overflow_boulevard,
          nicolae_sif_muna_condensation, serial_shops, shop, fountainhead
D:4:      layout_basic, zin_angel, minmay_temple_entry_statues, serial_demonic,
          serial_demonic_b, serial_demonic_c, serial_demonic_f, serial_demonic_a
D:5:      layout_loops_corners, vehumet_statue, uniq_crazy_yiuf_cottage,
          uniq_menkaure, uniq_blork_the_orc, uniq_eustachio
D:6:      layout_loops_ring, gup_sewer_entry_spiral,
          gammafunk_ghost_gnarly_gnolls, uniq_prince_ribbit1, uniq_sigmund,
          uniq_edmund
D:7:      layout_basic, grunt_ministairs_3, minmay_fractal_squares_gapless_5
D:8:      layout_rooms, nicolae_ashenzari_panopticon,
          mainiacjoe_overflow_alcove_4, uniq_maggie
Temple:   nicolae_temple_figure_eight

Skill      XL: |  1  2  3  4  5  6  7  8  9 |
---------------+----------------------------+-----
Throwing       | 1 2 3 |  3.9
Dodging        | 1 2 3 4 |  4.0
Stealth        | 1 2 3 |  3.1
Evocations     | 1 2 3 |  3.0
Fighting       | 4 6 7 |  7.0
Axes           | 3 4 6 |  6.8
Armour         | 4 5 |  5.0
Shields        | 4 5 |  5.0
Invocations    | 1 3 |  3.9

Action                   |  1- 3 |  4- 6 |  7- 9 || total
-------------------------+-------+-------+-------++-------
Melee: War axe           |    70 |   112 |   166 ||   348
       Headbutt          |     8 |    18 |    26 ||    52
Throw: Stone             |       |     5 |     3 ||     8
       Dart              |       |     2 |     4 ||     6
       Javelin           |       |       |     1 ||     1
Invok: Stomp             |       |       |     1 ||     1
       Line Pass         |       |       |     2 ||     2
  Use: Scroll            |       |     7 |     2 ||     9
       Potion            |       |       |     1 ||     1
 Stab: Paralysed         |       |     2 |     1 ||     3
       Sleeping          |       |       |     2 ||     2
       Invisible         |       |       |     1 ||     1
       Confused          |       |       |     1 ||     1
Armor: Scale mail        |    35 |     1 |       ||    36
       Ring mail         |       |    47 |    67 ||   114
Dodge: Dodged            |    30 |    64 |    68 ||   162
Block: Buckler           |    16 |    30 |    44 ||    90
